 Dungeon Crawl Stone Soup version 0.19-a0-277-g85cb9a5 (webtiles) character file.

3669 oplop the Jinx (level 9, -3/64 HPs)
             Began as a Vampire Enchanter on May 26, 2016.
             Was a Follower of Ukayaw.
             Killed from afar by an electric eel (8 damage)
             ... with a bolt of electricity
             ... on level 8 of the Dungeon.
             The game lasted 00:29:38 (6066 turns).

oplop the Jinx (Vampire Enchanter)                  Turns: 6066, Time: 00:29:38

Health: -3/64      AC: 10    Str:  7    XL:     9   Next: 89%
Magic:  19/26      EV: 17    Int: 18    God:    Ukayaw [*.....]
Gold:   290        SH:  0    Dex: 17    Spells: 3 memorised, 11 levels left

rFire  . . .     SeeInvis +     a - +2 dagger
rCold  + + .     Gourm    .     b - +1 robe
rNeg   + + +     Faith    .     (no shield)
rPois  +         Spirit   .     h - +1 helmet
rElec  .         Dismiss  .     f - +2 cloak
rCorr  +         Reflect  .     (no gloves)
SustAt .         Harm     .     g - +1 pair of boots
MR     .....                    F - amulet of inaccuracy (curse)
Stlth  +++++.....               s - ring of resist corrosion
                                i - ring of magical power

@: regenerating slowly, not resistant to hostile enchantments, quite stealthy
A: fangs 3, see invisible, unbreathing
a: Bat Form, Stomp, Renounce Religion


You were on level 8 of the Dungeon.
You worshipped Ukayaw.
Ukayaw was aware of your devotion.
You were near bloodless.

You visited 2 branches of the dungeon, and saw 11 of its levels.
You also visited: Ossuary.

You collected 290 gold pieces.

Inventory:

Hand Weapons
 a - a +2 dagger (weapon)
 K - a +1 short sword of venom
Missiles
 G - 2 needles of paralysis
Armour
 b - a +1 robe (worn)
 f - a +2 cloak (worn)
 g - a +1 pair of boots (worn)
 h - a +1 helmet (worn)
 M - the +2 leather armour of Aroun {Str+4 Int+4 Stlth+}
   (You found it on level 9 of the Dungeon)

   It affects your strength (+4).
   It affects your intelligence (+4).
   It makes you more stealthy.
 N - the +2 leather armour of the Harp {Int+5, unknown}
   (You found it on level 8 of the Dungeon)

   It affects your intelligence (+5).
Jewellery
 i - a ring of magical power (left hand)
 s - a ring of resist corrosion (right hand)
 F - a cursed amulet of inaccuracy (around neck)
Wands
 u - a wand of heal wounds (4/9)
 w - a wand of polymorph (4/24)
 H - a wand of paralysis (7/24)
 I - a wand of disintegration (10/24)
Scrolls
 e - 5 scrolls of enchant weapon
 m - a scroll of fear
 n - 5 scrolls of teleportation
 r - a scroll of immolation
 y - a scroll of amnesia
 A - 2 scrolls of magic mapping
 E - 4 scrolls of identify
 J - a scroll of acquirement {unknown}
 L - a scroll of remove curse {unknown}
Potions
 d - 17 potions of blood
 j - a potion of magic {unknown}
 k - 6 potions of curing {unknown}
 l - 4 potions of degeneration {unknown}
 o - 6 potions of lignification {unknown}
 p - 2 potions of brilliance {unknown}
 q - 5 potions of heal wounds {unknown}
 t - a potion of cancellation {unknown}
 v - 4 potions of flight {unknown}
 x - 3 potions of mutation {unknown}
 z - a potion of berserk rage {unknown}
 C - 3 potions of haste
 D - 3 potions of might {unknown}
Books
 c - a book of Maledictions

   Spells                             Type                      Level
   a - Corona                         Hexes                        1
   b - Ensorcelled Hibernation        Hexes/Ice                    2
   c - Confuse                        Hexes                        3
   d - Tukima's Dance                 Hexes                        3
   e - Dazzling Spray                 Conjuration/Hexes            3
 B - a book of Beasts

   Spells                             Type                      Level
   a - Summon Butterflies             Summoning                    1
   b - Call Canine Familiar           Summoning                    3
   c - Summon Ice Beast               Ice/Summoning                4
   d - Summon Mana Viper              Hexes/Summoning              5
   e - Summon Hydra                   Summoning                    7


   Skills:
 + Level 3.3 Fighting
 + Level 6.6 Short Blades
 + Level 6.8 Dodging
 - Level 9.3 Stealth
 + Level 5.9 Spellcasting
 + Level 10.0 Hexes
 + Level 2.5 Invocations


You had 11 spell levels left.
You knew the following spells:

 Your Spells              Type           Power        Failure   Level  Hunger
a - Tukima's Dance        Hex            #####...     1%          3    ##.....
b - Ensorcelled Hibernat  Hex/Ice        ###...       2%          2    None
c - Confuse               Hex            #####...     1%          3    ##.....


Dungeon Overview and Level Annotations

Branches:
Dungeon (10/15)            Temple (1/1) D:5            Lair (0/8) D:8
    Orc: D:9-12

Altars:
Ashenzari
Cheibriados
Dithmenos
Fedhas
Gozag
Hepliaklqana
Kikubaaqudgha
Makhleb
Nemelex Xobeh
Okawaru
Pakellas
Qazlal
Ru
Sif Muna
Trog
Ukayaw
Vehumet
Xom
Yredelemnul
Zin
The Shining One

Shops:
D:6 *


Innate Abilities, Weirdness & Mutations

You heal slowly.
You have razor-sharp teeth.
You have supernaturally acute eyesight. (SInv)
You can survive without breathing.


Message History

The electric eel shoots out a bolt of lightning at you!
The bolt of electricity hits you!
Casting: Ensorcelled Hibernation
Confirm with . or Enter, or press ? or * to list all spells.
Aiming: Ensorcelled Hibernation
Press: ? - help, Shift-Dir - straight line, f - electric eel
Aim: an electric eel (chance to defeat MR: 62%)
The electric eel resists with significant effort.
The electric eel shoots out a bolt of lightning at you!
The bolt of electricity hits you!
The electric eel shoots out a bolt of lightning at you!
The bolt of electricity hits you!
* * * LOW HITPOINT WARNING * * *
The electric eel shoots out a bolt of lightning at you!
The bolt of electricity hits you!
* * * LOW HITPOINT WARNING * * *
The electric eel shoots out a bolt of lightning at you!
The bolt of electricity hits the electric eel.
The electric eel completely resists.
The bolt of electricity hits you!
You die...

#.)..####...≈≈≈≈≈≈..h.
##....# #..≈≈≈≈≈..>.≈
#..#...# ..≈;≈≈≈≈....
##..##..#
##.≈;≈≈h.≈.≈.
#..###...#
..≈≈≈≈≈≈≈≈≈≈ ...#
##..###.#≈..;≈≈≈≈≈≈
...# #.....#...≈≈≈≈≈.≈
...# .....#..†;.≈.≈≈.
...####.
##..#..@...≈.≈.
†.......#
#...≈....≈...
.........
##...........
..#####..#
#...###..#.. ..#
#..###.### ..... #.##
#...##.# ...#
#..#####....†.####
...#
##......<........# .##
#..........###..>..


You could see a hound and 4 electric eels.

Vanquished Creatures
  Joseph (D:8)
  A troll (D:8)
  Sigmund (D:2)
  A yak (D:9)
  Eustachio (D:6)
  Menkaure (D:6)
  Edmund (D:4)
  The ghost of Yehuk the Magician, an amateur DEFE (D:3)
  A sky beast (D:5)
  2 black bears
  2 orc warriors
  2 centaurs
  A wolf (D:8)
  3 giant frogs
  A scorpion (D:6)
  3 howler monkeys (D:7)
  An electric eel (D:8)
  2 giant frog zombies (D:8)
  3 crimson imps
  A centaur zombie (D:5)
  6 hounds
  3 orc priests
  Crazy Yiuf (D:2)
  Ijyb (D:3)
  A giant frog skeleton (D:4)
  5 orc wizards
  A centaur skeleton (D:8)
  Jessica (D:2)
  Natasha (thrice) (D:3)
  An iguana (D:7)
  3 worker ants
  A killer bee zombie (D:5)
  A hound skeleton (D:6)
  12 mummies (Ossuary)
  A worker ant zombie (D:6)
  Robin (D:2)
  5 adders
  An ooze (D:3)
  An adder skeleton (D:4)
  3 worms
  3 giant geckos
  15 orcs
  A ball python (D:3)
  13 bats
  3 giant cockroaches
  8 hobgoblins
  3 jackals
  4 kobolds
  A quokka (D:2)
  A giant gecko skeleton (D:6)
  2 giant newts
  3 gnoll skeletons (Ossuary)
  16 goblins
  3 goblin skeletons (Ossuary)
  A jackal skeleton (D:5)
  A kobold skeleton (Ossuary)
  An orc skeleton (Ossuary)
  A quokka zombie (D:6)
  7 rats
  11 rat skeletons (Ossuary)
180 creatures vanquished.

Notes
Turn   | Place    | Note
--------------------------------------------------------------
     0 | D:1      | oplop the Vampire Enchanter began the quest for the Orb.
     0 | D:1      | Reached XP level 1. HP: 13/13 MP: 3/3
   277 | D:1      | Reached XP level 2. HP: 10/19 MP: 5/5
   315 | D:1      | Learned a level 2 spell: Ensorcelled Hibernation
   508 | D:1      | Reached skill level 5 in Stealth
   821 | D:2      | Noticed Sigmund
   840 | D:2      | Noticed Jessica
   844 | D:2      | Killed Jessica
   844 | D:2      | Reached XP level 3. HP: 24/24 MP: 6/6
   892 | D:2      | Learned a level 3 spell: Confuse
   908 | D:2      | Found a faded altar to an unknown god.
  1002 | D:2      | Noticed Robin
  1054 | D:2      | Reached skill level 5 in Hexes
  1145 | D:2      | Killed Sigmund
  1145 | D:2      | Reached XP level 4. HP: 26/30 MP: 8/8
  1145 | D:2      | Reached XP level 5. HP: 30/35 MP: 8/9
  1324 | D:3      | Noticed Yehuk's ghost (amateur DEFE)
  1409 | D:3      | oplop: йехук бегает
  1444 | D:3      | Found a deep blue altar of Sif Muna.
  1444 | D:3      | Noticed Natasha
  1451 | D:3      | Killed Natasha
  1487 | D:3      | Noticed Ijyb
  1491 | D:3      | Killed Ijyb
  1491 | D:3      | Reached XP level 6. HP: 34/41 MP: 10/10
  1555 | D:3      | Noticed Natasha
  1559 | D:3      | Found a sparkling altar of Nemelex Xobeh.
  1559 | D:3      | Found a blossoming altar of Fedhas.
  1563 | D:3      | Killed Natasha
  1573 | D:3      | Found a shadowy altar of Dithmenos.
  1705 | D:3      | Killed Yehuk's ghost
  1705 | D:3      | Reached skill level 6 in Hexes
  1934 | D:3      | Noticed Natasha
  1940 | D:3      | Killed Natasha
  1976 | D:3      | namelastname112: видимо уже нет
  2143 | D:2      | Wingboner: От вампиров призраки же не остаются?
  2157 | D:2      | Noticed Crazy Yiuf
  2158 | D:2      | oplop: гм
  2158 | D:2      | oplop: вроде нет
  2163 | D:2      | Killed Crazy Yiuf
  2165 | D:2      | Wingboner: Ну тогда правильно что вампиром играешь, кек.
  2171 | D:2      | oplop: хы
  2193 | D:2      | oplop: чем тебе мои призраки не угодили?
  2391 | D:2      | Reached XP level 7. HP: 46/46 MP: 12/12
  2414 | D:2      | Killed Robin
  2423 | D:2      | Wingboner: >69 kills by oplop's ghost: 8x oplop
  2434 | D:2      | Wingboner: Не мне. Тебе!
  2440 | D:2      | namelastname112: я себя больше раз убил
  2440 | D:2      | namelastname112: раз сорок
  2479 | D:4      | Found a sand-covered staircase.
  2565 | D:4      | Wingboner: Да и я тоже больше, Но не 40.
  2566 | D:4      | Noticed Edmund
  2571 | D:4      | namelastname112: эй блять
  2583 | D:4      | namelastname112: в оссуарий
  2585 | D:4      | namelastname112: не хочешь?
  2587 | D:4      | Wingboner: А у тебя ровно 40, лол.
  2599 | D:4      | Killed Edmund
  2599 | D:4      | Reached skill level 7 in Hexes
  2611 | D:4      | namelastname112: оплоп
  2630 | D:4      | namelastname112: оссуарий
  2636 | D:4      | Found a glowing golden altar of the Shining One.
  2664 | Ossuary  | Entered an ossuary
  2665 | Ossuary  | namelastname112: наркоман
  2665 | Ossuary  | namelastname112: нечего сонным играть
  2665 | Ossuary  | namelastname112: кстати, казуал, прикинь
  2682 | Ossuary  | namelastname112: ебаный бот не считает мои вины хеплом и укой
  2700 | Ossuary  | namelastname112: из эксперементалки
  2712 | Ossuary  | Wingboner: На эксперименталке? Пичаль.
  2835 | Ossuary  | namelastname112: сегодня вот думал политеиста доделать
  2839 | Ossuary  | namelastname112: а хер
  2868 | Ossuary  | namelastname112: надо этими двумя выиграть
  2964 | Ossuary  | namelastname112: алсо беох - говно
  2968 | Ossuary  | oplop: а ты не знал?
  2968 | Ossuary  | Wingboner: А мне понравился.
  3089 | D:4      | namelastname112: эти ватные варлорды
  3109 | D:4      | namelastname112: которые дохнут от первого же фаер джаента
  3109 | D:4      | namelastname112: ммм
  3109 | D:4      | oplop: Бля, сижу в чужом офисе
  3109 | D:4      | namelastname112: сиди в своем
  3109 | D:4      | oplop: ЕБАОЕ КАМЕДИ РАДИО
  3109 | D:4      | oplop: ЕЩЕ ПОЛ ЧАСА И Я БУДУ ГОТОВ УБИВАТЬ НАХУЙ
  3109 | D:4      | namelastname112: лол
  3109 | D:4      | Wingboner: Наушники рулят.
  3109 | D:4      | namelastname112: наушники не завезли?
  3109 | D:4      | namelastname112: надо в магаз сгонять
  3109 | D:4      | namelastname112: за картошечкой
  3109 | D:4      | Wingboner: А у меня пока всё есть, завтра только за колбасой пойду на рынок, заодно и всякое по мелочи.
  3109 | D:4      | namelastname112: оплоп похожу убивать пошел
  3109 | D:4      | Wingboner: Лол.
  3109 | D:4      | Wingboner: ИСТОРИЯ ОФИСНОГО ДУШИТЕЛЯ НАЧАЛАСЬ ОДНАЖДЫ В ПОЛДЕНЬ
  3109 | D:4      | namelastname112: лол
  3109 | D:4      | namelastname112: бля
  3109 | D:4      | namelastname112: вот удобно с ноутом
  3109 | D:4      | namelastname112: сижу себе
  3109 | D:4      | namelastname112: картошечку чищу
  3109 | D:4      | namelastname112: с вами тут пизжу
  3109 | D:4      | Wingboner: А у меня молодая уже.
  3109 | D:4      | namelastname112: картошечка
  3109 | D:4      | Wingboner: Чистить почти и не надо. Губкой металлической протёр и всё.
  3109 | D:4      | namelastname112: ?
  3109 | D:4      | Wingboner: Да.
  3109 | D:4      | namelastname112: лол
  3109 | D:4      | namelastname112: да, годно
  3109 | D:4      | Wingboner: Роба регенерата в магазине за 200.
  3109 | D:4      | namelastname112: вот расскажи мне, кажул
  3109 | D:4      | Wingboner: Взял, конечно.
  3109 | D:4      | namelastname112: как энчантеру оофы пиздить?
  3109 | D:4      | Wingboner: Богом, лонгами, магией, серебряными дротиками, эвоками. Да дофига вариантов.
  3109 | D:4      | namelastname112: ну лол
  3109 | D:4      | namelastname112: магией
  3109 | D:4      | namelastname112: я вот сегодня спена выиграл
  3109 | D:4      | Wingboner: И?
  3109 | D:4      | namelastname112: я просто не смог бы убить оофы
  3109 | D:4      | namelastname112: я от них телерулетился
  3109 | D:4      | namelastname112: и голубрился
  3109 | D:4      | namelastname112: и орб аппортнул
  3109 | D:4      | namelastname112: пиздец короче
  3109 | D:4      | oplop: [s[s
  3109 | D:4      | oplop: хыхы
  3141 | D:4      | Wingboner: Ну значит плохая магия была.
  3341 | D:4      | namelastname112: бля
  3348 | D:4      | namelastname112: а какой магией их бить
  3351 | D:4      | namelastname112: оод учить?
  3351 | D:4      | Reached XP level 8. HP: 34/52 MP: 7/14
  3359 | D:4      | oplop: ага
  3359 | D:4      | oplop: спригган с оод норм
  3375 | D:4      | namelastname112: да я манал
  3376 | D:4      | Wingboner: http://crawl.berotato.org/crawl/morgue//casual/morgue-casual-20150425-092208.txt
  3382 | D:5      | Entered Level 5 of the Dungeon
  3383 | D:5      | Wingboner: http://underhound.eu:81/crawl/morgue/casual/morgue-casual-20150603-115441.txt
  3383 | D:5      | namelastname112: учить оод под одного моба
  3383 | D:5      | Wingboner: Вот мои две победы En.
  3383 | D:5      | namelastname112: кстати
  3383 | D:5      | namelastname112: симулякры понерфили, слыхал?
  3383 | D:5      | namelastname112: спелл, не мобов
  3383 | D:5      | Wingboner: Не, что там?
  3383 | D:5      | namelastname112: дюрейшн снизили
  3383 | D:5      | Wingboner: Пичально.
  3383 | D:5      | Wingboner: Они и так бумажные.
  3383 | D:5      | namelastname112: с кику насрать правда
  3385 | D:5      | Wingboner: Ну, теперь кикупризыв больше жрачки тратит.
  3457 | D:5      | Found a stormy altar of Qazlal.
  3630 | D:5      | Found a staircase to the Ecumenical Temple.
  3639 | D:5      | namelastname112: че вспомнил кстати
  3641 | Temple   | Entered the Ecumenical Temple
  3644 | Temple   | namelastname112: мы с ксено стрим смотрели
  3645 | Temple   | Became a worshipper of Ukayaw the Reveler
  3652 | D:5      | namelastname112: какого-то чела русского
  3660 | D:5      | namelastname112: по кравлу
  3740 | D:5      | Reached * piety under Ukayaw
  3742 | D:5      | Reached skill level 5 in Dodging
  3742 | D:5      | Reached ** piety under Ukayaw
  3925 | D:5      | namelastname112: он там затирал, что ам бренд больше дамага по оофам наносит
  3925 | D:5      | namelastname112: потому что ОНИ МАГИЧЕСКИЕ СУЩЕСТВА
  3925 | D:5      | Wingboner: Лолд.
  3925 | D:5      | namelastname112: откуда блять он это взял
  3925 | D:5      | oplop: он упорот прост
  3995 | D:6      | Found Nacur's General Store.
  4105 | D:6      | Reached skill level 8 in Hexes
  4114 | D:6      | Found a sacrificial altar of Ru.
  4115 | D:6      | Noticed Menkaure
  4120 | D:6      | oplop: ебать
  4120 | D:6      | oplop: хуле он так с руки ебашит
  4120 | D:6      | oplop: педераст
  4122 | D:6      | Wingboner: Да я тоже удивился пару раз смертельно.
  4133 | D:6      | Killed Menkaure
  4165 | D:6      | Reached skill level 5 in Short Blades
  4293 | D:6      | namelastname112: кто7
  4320 | D:6      | oplop: менкуре
  4320 | D:6      | oplop: два раза подряд ебнул на !!
  4320 | D:6      | namelastname112: А
  4330 | D:6      | namelastname112: у него там 25 чели
  4334 | D:6      | namelastname112: чето такое
  4338 | D:6      | namelastname112: много короче
  4352 | D:6      | Noticed Eustachio
  4361 | D:6      | Killed Eustachio
  4361 | D:6      | Reached skill level 1 in Fighting
  4607 | D:7      | Reached *** piety under Ukayaw
  4626 | D:7      | Reached XP level 9. HP: 61/61 MP: 15/16
  4981 | D:7      | Reached skill level 5 in Spellcasting
  5036 | D:7      | Found a radiant altar of Vehumet.
  5170 | D:7      | You fall through a shaft for 3 floors!
  5170 | D:10     | Entered Level 10 of the Dungeon
  5170 | D:10     | Noticed a hill giant
  5171 | D:10     | oplop: как же
  5171 | D:10     | oplop: давно не шафтался
  5171 | D:10     | oplop: сразу на три этажа к гиганту
  5182 | D:9      | Wingboner: А я в адах сам в шахты прыгаю.
  5182 | D:9      | oplop: в адах и я прыгаю
  5182 | D:9      | oplop: хуле нет то
  5182 | D:9      | namelastname112: лол
  5191 | D:9      | namelastname112: вот видишь
  5194 | D:9      | namelastname112: анон смотрит
  5202 | D:9      | namelastname112: это бим
  5204 | D:9      | Reached skill level 9 in Hexes
  5205 | D:9      | namelastname112: инфа 100%
  5205 | D:9      | Wingboner: о_О
  5212 | D:9      | oplop: мне тоже так кажется
  5212 | D:9      | oplop: недавно в каждую мою игру анон влетал
  5212 | D:9      | oplop: полюбому бим сломался
  5216 | D:9      | namelastname112: вот-вот
  5243 | D:9      | Wingboner: То мог я быть.
  5250 | D:9      | Reached skill level 1 in Invocations
  5268 | D:9      | namelastname112: ты бы не стал за мной 3 часа афк палить
  5352 | D:9      | Found an iron altar of Okawaru.
  5389 | D:9      | Got a warped leather armour
  5390 | D:9      | Wingboner: ТЫ МЕНЯ НЕДООЦЕНИВАЕШЬ
  5400 | D:9      | Identified the +2 leather armour of Aroun {Str+4 Int+4 Stlth+} (You found it on level 9 of the Dungeon)
  5400 | D:9      | oplop: лол
  5400 | D:9      | oplop: ничотак шкурка
  5400 | D:9      | Wingboner: Гозаг меня конкретно хочет пересадить на лыжи.
  5427 | D:9      | Wingboner: h - 1148 gold a +7 lajatang of speed
  5430 | D:9      | Wingboner: b - [Lair:4] the +11 lajatang "Orhamuff" {elec, rN+ MP+9 Str+2} (1582 gold)
  5443 | D:9      | namelastname112: надо будет еще впеном гозага сыграть
  5444 | D:9      | namelastname112: хорошо было
  5444 | D:9      | oplop: ебать электролыжа
  5460 | D:9      | namelastname112: интересно и весело
  5509 | D:8      | namelastname112: а то все игры либо таб
  5520 | D:8      | namelastname112: либо превозмогание
  5526 | D:8      | HP: 2/62 [centaur/arrow (2)]
  5541 | D:8      | oplop: ебать мне больно
  5541 | D:8      | oplop: пойду поработаю
  5541 | D:8      | Wingboner: Ну у меня последний духз ран был интересным и весёлым.
  5541 | D:8      | Wingboner: За DsTm
  5541 | D:8      | Wingboner: Иди уработай там всех.
  5541 | D:8      | namelastname112: это где тебя алич в анус отправил?
  5541 | D:8      | Wingboner: Да, на зот5, паразит такой.
  5541 | D:8      | namelastname112: мне бы пиздец как напекло
  5541 | D:8      | Wingboner: Ну, я достаточно устойчивый, так что больше поржал, в тред запостил и пошёл книжку читать.
  5541 | D:8      | namelastname112: картошечка жарится
  5541 | D:8      | namelastname112: ммм
  5541 | D:8      | namelastname112: ух поем
  5541 | D:8      | oplop: приятного
  5541 | D:8      | oplop: а я в другое место поехал
  5541 | D:8      | Wingboner: Ловите поехавшего!
  5541 | D:8      | oplop: поздно
  5541 | D:8      | oplop: я давно поехал
  5541 | D:8      | oplop: ,fq
  5541 | D:8      | oplop: бай
  5563 | D:8      | Noticed a troll
  5572 | D:8      | Got an ichor-stained leather armour
  5708 | D:8      | Noticed Joseph
  5843 | D:8      | Learned a level 3 spell: Tukima's Dance
  5863 | D:8      | jacquesderrida: op blob
  5903 | D:8      | Killed a troll
  5914 | D:8      | Killed Joseph
  6059 | D:8      | Found a staircase to the Lair.
  6065 | D:8      | Reached skill level 10 in Hexes
  6066 | D:8      | Killed from afar by an electric eel

Vault maps used:
D:1:      dpeg_arrival_snail
D:2:      ecumenical_altar_1, hex_medium, lightli_corner_chamber,
          uniq_crazy_yiuf_cottage, uniq_robin, uniq_sigmund, uniq_jessica
D:3:      grunt_temple_overflow_cloverleaf, uniq_iyjb, uniq_natasha
D:4:      kennysheep_mini_moat, nicolae_ossuary_entry_monument,
          fedhas_altar_fruit_tree, uniq_edmund
D:5:      grunt_qazlal_sundering, minmay_temple_entry_statues_fountains,
          first_bread
D:6:      lemuel_crystal_altar, serial_shops, nicolae_shop_trees, uniq_menkaure,
          uniq_eustachio
D:7:      lemuel_round_altar, basic_altar
D:8:      erik_lair_island, uniq_joseph
D:9:      okawaru_metal_pillars_3, nicolae_overflow_crystal_walls
D:10:     blue_anna_alchemist, uniq_grum, uniq_nergalle
Temple:   minmay_freezing_vapour_temple_12
Ossuary:  ossuary_due_small_catacomb

Skill      XL: |  1  2  3  4  5  6  7  8  9 |
---------------+----------------------------+-----
Stealth        | 5 6 7 8 9 |  9.3
Hexes          | 5 6 7 8 10 | 10.0
Short Blades   | 2 3 4 5 6 |  6.6
Dodging        | 3 4 5 6 |  6.8
Spellcasting   | 3 4 5 |  5.9
Fighting       | 1 3 |  3.3
Invocations    | 2 |  2.5

Action                   |  1- 3 |  4- 6 |  7- 9 || total
-------------------------+-------+-------+-------++-------
Melee: Dagger            |    80 |    99 |   340 ||   519
       Bite              |     2 |     6 |    32 ||    40
       Short sword       |       |       |    52 ||    52
 Cast: Corona            |     2 |       |       ||     2
       Ensorcelled Hiber |     4 |    14 |    56 ||    74
       Confuse           |     2 |     8 |    54 ||    64
 Abil: End Transformatio |     1 |     2 |     3 ||     6
       Bat Form          |     1 |     2 |     3 ||     6
Evoke: Wand              |       |       |     5 ||     5
  Use: Scroll            |       |     9 |     6 ||    15
 Stab: Sleeping          |    16 |    18 |    54 ||    88
       Confused          |       |     3 |    24 ||    27
       Distracted        |       |       |     4 ||     4
       Paralysed         |       |       |     1 ||     1
Armor: Robe              |    23 |    19 |   103 ||   145
Dodge: Dodged            |    85 |    81 |   263 ||   429
